 Dungeon Crawl Stone Soup version 0.25-a0-1133-g93ebf73 (webtiles) character file.

Game seed: 6550434279113987039, levelgen mode: deterministic

29 thirtiethelement the Stinger (level 3, -6/21 HPs)
             Began as an Octopode Venom Mage on May 21, 2020.
             Mangled by Sigmund
             ... wielding a +0 scythe
              (12 damage)
             ... on level 2 of the Dungeon.
             The game lasted 00:05:02 (581 turns).

thirtiethelement the Stinger (Octopode Venom Mage)   Turns: 581, Time: 00:05:02

Health: -6/21      AC:  1    Str:  7    XL:     3   Next: 16%
Magic:  6/6        EV: 13    Int: 18    God:
Gold:   52         SH:  0    Dex: 12    Spells: 5/6 levels left

rFire    . . .     SeeInvis .   e - +3 spear (vorpal)
rCold    . . .     Gourm    .   (no shield)
rNeg     . . .     Faith    .   (helmet restricted)
rPois    .         Spirit   .   (no amulet)
rElec    .         Reflect  .   (no ring)
rCorr    .         Harm     .   (no ring)
MR       .....                  (no ring)
Stlth    +++.......             (no ring)
HPRegen  0.07/turn              (no ring)
MPRegen  0.10/turn              (no ring)
                                (no ring)
                                (no ring)

@: no status effects
A: almost no armour, stealthy swim, amphibious, 8 rings, constrict 8, camouflage
1, gelatinous body 1
a: no special abilities


You were on level 2 of the Dungeon.
You were not hungry.

You visited 1 branch of the dungeon, and saw 2 of its levels.

You collected 52 gold pieces.

Inventory:

Hand Weapons
 d - a +4 dagger of electrocution
 e - a +3 vorpal spear (weapon)
Potions
 a - 2 potions of curing {unknown}
 c - a potion of brilliance {unknown}
 f - a potion of heal wounds {unknown}
Comestibles
 b - 2 rations


   Skills:
 + Level 0.3 Short Blades
 + Level 2.3 Dodging
 + Level 3.1 Stealth
 + Level 0.1 Unarmed Combat
 + Level 2.1 Spellcasting
 + Level 1.1 Transmutations
 + Level 4.3 Poison Magic


You had 5 spell levels left.
You knew the following spells:

 Your Spells              Type           Power        Failure   Level  Hunger
a - Sting                 Tmut/Pois      ##..         6%          1    #......

Your spell library contained the following spells:

 Spells                   Type           Power        Failure   Level  Hunger
 Poisonous Vapours        Pois/Air       #.....       11%         2    ###....
 Ignite Poison            Fire/Tmut/Pois #.......     26%         3    ###....
 Mephitic Cloud           Conj/Pois/Air  #.......     30%         3    ###....
 Olgreb's Toxic Radiance  Pois           ###.....     30%         4    #####..


Dungeon Overview and Level Annotations

Branches:
Dungeon (2/15)

Altars:

Annotations:
D:2 Sigmund


Innate Abilities, Weirdness & Mutations

You cannot wear most types of armour.
You are very stealthy in the water. (Stealth+)
You are amphibious.
You can wear up to eight rings at the same time.
You can use your tentacles to constrict eight enemies at once.
Your skin changes colour to match your surroundings (Stealth+).
Your rubbery body absorbs attacks. (AC +1, EV +1)


Message History

You constrict the goblin. The goblin barely misses you.
You hit the goblin.
You kill the goblin!
Sigmund mumbles some strange words.
Sigmund flickers and vanishes!
Deactivating autopickup; reactivate with Ctrl-A.
Something barely misses you.
The hobgoblin shouts!
Something hits you.
You closely miss something. The hobgoblin barely misses you.
You hit the hobgoblin. You grab the hobgoblin.
The hobgoblin is severely wounded.
You constrict the hobgoblin.
You kill the hobgoblin!
Something hits you.
You hit something. Something hits you.
* * * LOW HITPOINT WARNING * * *
You closely miss something. Something hits you!
Ouch! That really hurt!
You die...

# ## .# .# ... ###
##.># #.# ###.####
#####?#####
................{..#
######...# #.†@).#
#..# #.#...# #.l#
#)..###
#####..##..##
#.....>....#
#####..####..#.#####
...... ##.#.....#
############.......#
...................#


There were no monsters in sight!

Vanquished Creatures
  3 giant cockroaches
  5 goblins
  3 hobgoblins
  A quokka (D:2)
  4 bats
  A frilled lizard (D:1)
  7 kobolds
  4 rats (D:1)
28 creatures vanquished.

Notes
Turn   | Place    | Note
-------+----------+-------------------------------------------
     0 | D:1      | thirtiethelement the Octopode Venom Mage began the quest
                  | for the Orb.
     0 | D:1      | Reached XP level 1. HP: 11/11 MP: 3/3
   209 | D:1      | Reached XP level 2. HP: 15/17 MP: 3/5
   237 | D:1      | Reached skill level 4 in Poison Magic
   536 | D:2      | Reached XP level 3. HP: 18/21 MP: 4/6
   571 | D:2      | Noticed Sigmund
   581 | D:2      | Mangled by Sigmund

Illustrated notes

Levels and vault maps discovered:
D:1:      evilmike_arrival_crescent, layout_basic
D:2:      layout_rooms, serial_corexii_hall, corexii_hall_statues_s,
          corexii_hall_statues_t, corexii_hall_statues_u, uniq_sigmund

Skill      XL: |  1  2 |
---------------+-------+-----
Poison Magic   | 4 |  4.3
Stealth        | 3 |  3.1
Short Blades   | |  0.3
Dodging        | |  2.3
Unarmed Combat | |  0.1
Spellcasting   | |  2.1
Transmutations | |  1.1

Action                   || total
-------------------------++-------
Melee: Dagger            ||    26
       Constrict         ||     7
       Unarmed           ||     2
       Spear             ||     8
 Cast: Sting             ||     8
  Use: Scroll            ||     6
 Stab: Sleeping          ||     9
Armor: Skin              ||     3
Dodge: Dodged            ||    15

Table legend:
 A = Non-vault XP
 B = Vault XP
 C = Vault XP percentage of total XP
 D = Non-vault monster count
 E = Vault monster count
 F = Vault count percentage of total count
                 A         B        C        D         E       F
            +---------+---------+-------+---------+---------+-------
      Total |      42 |       0 |   0.0 |      28 |       0 |   0.0
            +---------+---------+-------+---------+---------+-------
        D:1 |      29 |       0 |   0.0 |      21 |       0 |   0.0
        D:2 |      13 |       0 |   0.0 |       7 |       0 |   0.0
            +---------+---------+-------+---------+---------+-------
